 Dungeon Crawl Stone Soup version 0.17.2-1-ge4368a0 (webtiles) character file.

236 Goblin1989 the Chopper (level 6, -1/52 HPs)
             Began as a Hill Orc Gladiator on Aug 5, 2016.
             Was a Follower of Beogh.
             Slain by an ogre
             ... wielding a +0 giant club
              (25 damage)
             ... on level 4 of the Dungeon.
             The game lasted 00:04:22 (2216 turns).

Goblin1989 the Chopper (Hill Orc Gladiator)         Turns: 2216, Time: 00:04:22

Health: -1/52      AC:  9    Str: 20    XL:     6   Next: 6%
Magic:  6/6        EV: 15    Int:  8    God:    Beogh [*.....]
Gold:   75         SH:  0    Dex: 11    Spells: 0 memorised, 5 levels left

rFire  . . .     SeeInvis .     a - +0 war axe
rCold  . . .     Clarity  +     k - +0 scale mail
rNeg   . . .     SustAt   .     (no shield)
rPois  .         Gourm    .     c - +0 helmet
rElec  .         Spirit   .     m - +0 cloak
rCorr  .         Warding  .     (no gloves)
rMut   .         Stasis   .     (no boots)
MR     .....                    n - amulet of clarity
Stlth  ..........               (no ring)
                                f - +4 ring of evasion

@: not resistant to hostile enchantments, extremely unstealthy
A: no striking features
a: Renounce Religion


You were on level 4 of the Dungeon.
You worshipped Beogh.
Beogh was aware of your devotion.
You were hungry.

You visited 1 branch of the dungeon, and saw 4 of its levels.

You collected 75 gold pieces.

Inventory:

Hand Weapons
 a - a +0 war axe (weapon)
Missiles
 d - 3 throwing nets (quivered)
Armour
 c - a +0 helmet (worn)
 k - a +0 scale mail (worn)
 m - a +0 cloak (worn)
Jewellery
 f - a +4 ring of evasion (left hand)
 n - an amulet of clarity (around neck)
Scrolls
 b - 2 scrolls of teleportation {unknown}
 g - 2 scrolls of identify {unknown}
 h - a scroll of blinking {unknown}
 q - a scroll of amnesia {unknown}
Potions
 i - a potion of brilliance {unknown}
 l - a potion of cancellation {unknown}
 o - a potion of degeneration {unknown}
 r - a potion of flight {unknown}
Comestibles
 e - 3 bread rations
 j - a meat ration
 p - a royal jelly
 s - a chunk of flesh


   Skills:
 + Level 4.0 Fighting
 * Level 6.4 Axes
 - Level 1.7 Throwing
 + Level 2.5 Armour
 + Level 3.0 Dodging


You had 5 spell levels left.
You didn't know any spells.

Dungeon Overview and Level Annotations

Branches:
Dungeon (4/15)
 Temple: D:4-7

Altars:
Ashenzari
Sif Muna
Vehumet


Message History

You are too injured to fight recklessly!
You are too injured to fight recklessly!
You are too injured to fight recklessly!
You are too injured to fight recklessly!
You are too injured to fight recklessly!
You are too injured to fight recklessly!
You closely miss the ogre.
The ogre is severely wounded.
You completely miss the adder skeleton. The adder skeleton closely misses you.
The ogre closely misses you.
You closely miss the ogre.
The ogre is severely wounded.
You barely miss the adder skeleton.
The adder skeleton completely misses you.
The ogre misses you.
You hit the ogre.
The ogre is severely wounded.
You hit the adder skeleton. The adder skeleton bites you.
The adder skeleton barely misses you. The ogre hits you with a giant club!!
You die...

<#.#... .......
############ .......
#........... .......
#..))..#### .......
#<........# .......
#..รท......#
.......##....#.#..#
.......)..>.##@####
.......##.#...ZO....#
....... #.###.#######
....... #.# #.#
....... #.# #.#
####### #.# #. #.# #.
.# #.


You could see an ogre and an adder skeleton.

Vanquished Creatures
  The ghost of DEFE the Skirmisher, a weakling DrFi (D:3)
  2 orc wizards (D:4)
  6 adders
  3 oozes
  2 worms (D:2)
  5 giant geckos
  9 orcs
  A ball python (D:1)
  2 bats (D:3)
  3 giant cockroaches
  7 hobgoblins
  4 giant newts
  6 goblins
  4 jackals (D:3)
  7 kobolds
  4 quokkas (D:3)
  13 rats
79 creatures vanquished.

Vanquished Creatures (others)
  2 orc priests (D:3)
  3 orcs (D:3)
  A giant cockroach (D:3)
  A goblin (D:3)
  2 hobgoblins (D:3)
  3 jackals (D:3)
  A giant newt (D:3)
  2 kobolds (D:3)
15 creatures vanquished.

Grand Total: 94 creatures vanquished

Notes
Turn   | Place    | Note
--------------------------------------------------------------
     0 | D:1      | Goblin1989 the Hill Orc Gladiator began the quest for the Orb.
     0 | D:1      | Reached XP level 1. HP: 18/18 MP: 1/1
    38 | D:1      | Reached XP level 2. HP: 25/25 MP: 2/2
   107 | D:1      | Reached skill level 1 in Armour
   261 | D:1      | Reached XP level 3. HP: 27/30 MP: 3/3
   407 | D:1      | You fall through a shaft!
   841 | D:2      | Reached XP level 4. HP: 35/37 MP: 4/4
  1039 | D:2      | Reached skill level 5 in Axes
  1141 | D:2      | Found a radiant altar of Vehumet.
  1143 | D:2      | Found a shattered altar of Ashenzari.
  1146 | D:2      | Found a deep blue altar of Sif Muna.
  1357 | D:3      | Became a worshipper of Beogh the Brigand
  1588 | D:3      | Noticed DEFE's ghost (weakling DrFi)
  1597 | D:3      | Killed DEFE's ghost
  1597 | D:3      | Reached XP level 5. HP: 15/45 MP: 5/5
  2142 | D:3      | Reached skill level 6 in Axes
  2193 | D:4      | Reached * piety under Beogh
  2197 | D:4      | Reached XP level 6. HP: 46/52 MP: 6/6
  2209 | D:4      | Noticed an ogre
  2216 | D:4      | Slain by an ogre

Action                   |  1- 3 |  4- 6 || total
-------------------------+-------+-------++-------
Melee: War axe           |    97 |   114 ||   211
Invok: Convert to Beogh  |       |     1 ||     1
  Eat: Chunk             |       |     4 ||     4
